 Dungeon Crawl Stone Soup version 0.30-a0-591-g3c58d2bc28 (webtiles) character file.

Game seed: 5784962055904743645

751 Newt the Grave Robber (level 7, -1/54 HPs)
             Began as a Demonspawn Gladiator on Jan 3, 2023.
             Was a Follower of Yredelemnul.
             Slain by Edmund
             ... wielding a +0 heavy flail
              (24 damage)
             ... on level 5 of the Dungeon on Jan 4, 2023.
             The game lasted 00:07:23 (3695 turns).

Newt the Grave Robber (Demonspawn Gladiator)        Turns: 3695, Time: 00:07:23

Health: -1/54      AC:  8    Str: 17    XL:     7   Next: 49%
Magic:  10/10      EV: 13    Int:  9    God:    Yredelemnul [*.....]
Gold:   1025       SH:  4    Dex: 14    Spells: 10/10 levels left

rFire   . . .      SeeInvis .    l - +7 Throatcutter {drain, coup de grace}
rCold   . . .      Faith    .    (no shield)
rNeg    . . .      Spirit   .    b - +0 leather armour
rPois   .          Reflect  .    c - +0 helmet
rElec   .          Harm     .    (no cloak)
rCorr   .          Rampage  .    (no gloves)
Will    .....                    (no boots)
Stlth   ++                       (no amulet)
HPRegen 0.29/turn                (no ring)
MPRegen 0.24/turn                (no ring)

@: no status effects
A: hooves 1, icemail 1, magic regeneration, sturdy frame 1, condensation shield
a: Renounce Religion, Recall Undead Harvest


You were on level 5 of the Dungeon.
You worshipped Yredelemnul.
Yredelemnul was noncommittal.
You visited 1 branch of the dungeon, and saw 5 of its levels.

You collected 1025 gold pieces.

Inventory:

Hand Weapons
 a - a +0 rapier
 i - a +0 battleaxe
 l - the +7 Throatcutter (weapon) {drain, coup de grace}
   (You took it off Terence on level 2 of the Dungeon)

   It may instantly kill foes which have little health.
Missiles
 d - a throwing net (quivered)
 e - a javelin
 m - 4 poisoned darts
Armour
 b - a +0 leather armour (worn)
 c - a +0 helmet (worn)
 f - a +0 scale mail
Wands
 g - a wand of charming (10)
 q - a wand of flame (16)
 r - a wand of quicksilver (5)
Scrolls
 h - a scroll of poison
 n - a scroll of vulnerability
 o - a scroll of fear
 p - a scroll of magic mapping
 s - a scroll of torment
 t - a scroll of fog
 u - a scroll of blinking {unknown}
Potions
 j - a potion of heal wounds
 k - a potion of degeneration {unknown}
 v - a potion of curing {unknown}


   Skills:
 - Level 4.0 Fighting
 - Level 2.6 Short Blades
 - Level 1.7 Throwing
 - Level 3.0 Armour
 - Level 3.0 Dodging
 - Level 2.0 Stealth
 + Level 2.2 Spellcasting
 - Level 5.0 Necromancy
 - Level 3.0 Invocations


You had 10 spell levels left.
You didn't know any spells.
Your spell library contained the following spells:

 Spells                   Type           Power      Damage    Failure   Level
 Kiss of Death            Conj/Necr      20%        2d7       12%         1
 Sandblast                Erth           2%         2d4       34%         1
 Shock                    Conj/Air       4%         1d3       34%         1
 Dispel Undead            Necr           10%        3d9       41%         4
 Passwall                 Tmut/Erth      0%         N/A       45%         2
 Static Discharge         Conj/Air       2%         2-3/arc   45%         2
 Confusing Touch          Hex            1%         N/A       71%         3
 Dazzling Flash           Conj/Hex       2%         N/A       71%         3
 Stone Arrow              Conj/Erth      2%         3d7       71%         3
 Swiftness                Air            1%         N/A       71%         3
 Vhi's Electric Charge    Tloc/Air       2%         N/A       71%         3
 Airstrike                Air            0%         2d(1-17)  98%         4
 Iskenderun's Mystic Bla  Conj/Tloc      1%         2d3       98%         4
 Arcjolt                  Conj/Air       0%         1d10      100%        5
 Lightning Bolt           Conj/Air       0%         1d11      100%        5
 Starburst                Conj/Fire      0%         6d3       100%        6


Dungeon Overview and Level Annotations

Branches:
Dungeon (5/15)             Temple (0/1) D:5

Altars:
Dithmenos
Vehumet
Wu Jian
Yredelemnul

Annotations:
D:5 Edmund


Innate Abilities, Weirdness & Mutations

You have large cloven feet.
A meltable icy envelope protects you from harm. (AC +4)
You regenerate magic rapidly.
Your movements are slightly less encumbered by armour. (ER -2)
A meltable shield of frost defends you. (SH +4)


Message History

You can no longer trade souls for undead servants.
You barely miss something. Edmund barely misses your orc zombie.
Something hits you but does no damage.
Your orc wizard zombie hits Edmund but does no damage.
Your orc zombie hits Edmund but does no damage.
Your iguana zombie bites something.
Something hits you but does no damage.
Your orc priest zombie hits Edmund but does no damage.
You slash something!
Reactivating autopickup.
You feel a bit more experienced.
The dead are walking!
You can now trade souls for undead servants.
Edmund hits your orc zombie with a +0 heavy flail!!
Your orc zombie is destroyed!
Your orc wizard zombie hits Edmund.
Edmund hits your orc wizard zombie with a +0 heavy flail.
Your orc priest zombie hits Edmund.
You swap places.
Found a stone staircase leading up.
Your orc wizard zombie completely misses Edmund.
The ogre hits your orc priest zombie with a +0 giant spiked club!
Edmund hits your orc priest zombie with a +0 heavy flail!
Your orc priest zombie is destroyed!
Your orc zombie barely misses Edmund.
Edmund shouts!
You can no longer trade souls for undead servants.
Things that are here:
a +0 dagger; a +0 robe You closely miss Edmund.
Edmund is lightly wounded.
An orc wizard comes into view. It is wielding a +0 dagger of venom.
Edmund hits you with a +0 heavy flail!!
Your orc wizard zombie hits Edmund.
The ogre hits your orc wizard zombie with a +0 giant spiked club!!
Your orc wizard zombie is destroyed!
Your orc zombie hits Edmund but does no damage.
You are too injured to fight recklessly!
You are too injured to fight recklessly!
You slash Edmund! You kick Edmund, but do no damage.
Edmund is moderately wounded.
Edmund hits you with a +0 heavy flail!!
You die...
Your body rises from the dead as a mindless zombie. ,*#...## **,,,,,,,,,,,,* #....... *##..ZZ# #.........o<..# ##...... ##..##.# #.............#* ####... .....Z.###..............* ##.. ..##.Z.##...............* #.. .#*##.###...............* #ZZ

..##..# #.......O......#* ###Z.
......# #.....Z@......#* ##..Z.
##...## *#....ZZ@)...#* #.....
*##...## ##.....)...## ##....
.##....#####.......## #....
.........Z###>....## ##....
##......Z....##.#.)#* ###.....
#...<..>.###...###..######.......
#.........####...................
#........## ###.≈≈≈≈≈≈≈≈≈......#
........## *,≈.......≈.......


You could see Edmund (berserk, ally target), an ogre, an orc wizard, a friendly
iguana zombie, a friendly orc zombie and a friendly orc wizard zombie.

Vanquished Creatures
  A black bear (D:5)
  A scorpion (D:5)
  An orc priest (D:5)
  3 hounds
  Terence (D:2)
  4 iguanas
  2 orc wizards (D:5)
  Ijyb (D:3)
  Robin (D:2)
  10 gnolls
  3 adders
  An ufetubus (D:5)
  A worm (D:2)
  3 dart slugs
  9 orcs
  6 ball pythons
  5 endoplasms
  4 giant cockroaches
  16 goblins
  10 hobgoblins
  9 jackals
  10 kobolds
  2 quokkas
  9 bats
  2 frilled lizards (D:3)
  2 rats (D:2)
117 creatures vanquished.

Vanquished Creatures (collateral kills)
  A gnoll (D:2)
  A hobgoblin (D:2)
  A jackal (D:2)
  A ball python (D:2)
  A frilled lizard (D:3)
  A kobold (D:4)
  A rat (D:2)
7 creatures vanquished.

Vanquished Creatures (others)
  2 hound zombies (D:5)
  2 bat zombies (D:2)
  2 gnoll zombies (D:2)
  A giant cockroach zombie (D:3)
  3 goblin zombies
  3 jackal zombies (D:2)
  3 orc zombies (D:5)
  A rat zombie (D:2)
  5 fungi (D:4)
  4 toadstools (D:4)
26 creatures vanquished.

Grand Total: 150 creatures vanquished

Notes
Turn   | Place    | Note
-------+----------+-------------------------------------------
     0 | D:1      | Newt the Demonspawn Gladiator began the quest for the Orb.
     0 | D:1      | Reached XP level 1. HP: 16/16 MP: 1/1
    34 | D:1      | Reached skill level 1 in Stealth
   141 | D:1      | Gained mutation: A meltable shield of frost defends you.
                  | (SH +4) [demonic ancestry]
   141 | D:1      | Reached XP level 2. HP: 22/22 MP: 2/2
   563 | D:1      | Found a basalt altar of Yredelemnul.
   571 | D:1      | Gained mutation: Your movements are slightly less
                  | encumbered by armour. (ER -2) [demonic ancestry]
   571 | D:1      | Reached XP level 3. HP: 26/28 MP: 3/3
   574 | D:1      | Became a worshipper of Yredelemnul the Dark
   640 | D:1      | You fall into a shaft and drop 1 floor!
   844 | D:2      | HP: 1/29 [gnoll/+0 whip (9)]
   845 | D:2      | Reached * piety under Yredelemnul
   845 | D:2      | Reached XP level 4. HP: 2/37 MP: 4/4
  1107 | D:2      | Noticed Terence
  1120 | D:2      | Killed Terence
  1234 | D:2      | Reached skill level 1 in Invocations
  1507 | D:2      | Noticed Robin
  1513 | D:2      | Reached ** piety under Yredelemnul
  1516 | D:2      | Gained mutation: You have large cloven feet. [demonic
                  | ancestry]
  1516 | D:2      | Reached XP level 5. HP: 21/42 MP: 6/6
  1517 | D:2      | Killed Robin
  1729 | D:2      | Reached skill level 1 in Armour
  1989 | D:2      | Identified a scroll of acquirement
  1990 | D:2      | Acquired 643 gold pieces
  2165 | D:3      | Found an ornate altar of the Wu Jian Council.
  2451 | D:3      | Noticed Ijyb
  2456 | D:3      | Upgraded the game from 0.30-a0-586-g23e55c9e0a to
                  | 0.30-a0-591-g3c58d2bc28
  2460 | D:3      | Killed Ijyb
  2462 | D:3      | Gained mutation: A meltable icy envelope protects you from
                  | harm. (AC +4) [demonic ancestry]
  2462 | D:3      | Reached XP level 6. HP: 45/48 MP: 8/8
  2857 | D:4      | Reached skill level 1 in Necromancy
  3010 | D:4      | Reached skill level 2 in Necromancy
  3229 | D:5      | Entered Level 5 of the Dungeon
  3247 | D:5      | Reached skill level 3 in Necromancy
  3407 | D:5      | Found a radiant altar of Vehumet.
  3499 | D:5      | Reached skill level 4 in Necromancy
  3499 | D:5      | Gained mutation: You regenerate magic rapidly. [demonic
                  | ancestry]
  3499 | D:5      | Reached XP level 7. HP: 54/54 MP: 9/9
  3580 | D:5      | Found a staircase to the Ecumenical Temple.
  3661 | D:5      | Found a shadowy altar of Dithmenos.
  3669 | D:5      | Reached skill level 5 in Necromancy
  3680 | D:5      | Reached skill level 1 in Spellcasting
  3682 | D:5      | Noticed Edmund
  3695 | D:5      | Slain by Edmund

Illustrated notes

Levels and vault maps discovered:
D:1:      lemuel_arrival_cross, layout_loops_ring, serial_forest,
          infiniplex_forest_zigzag_2, infiniplex_forest_end_2,
          infiniplex_forest_lined_3, infiniplex_forest_zigzag_2,
          infiniplex_forest_clump_small, infiniplex_forest_straight_2,
          infiniplex_forest_corner_2, infiniplex_forest_split,
          infiniplex_forest_clump_small, ebering_dispersal_statue_hall,
          dk_noncrumbling_2, minmay_hexomino_r4
D:2:      layout_basic, uniq_terence, uniq_robin
D:3:      layout_rooms, pf_just_have_faith, nicolae_wu_jian_wuxing_cycle,
          grunt_ministairs_12, st_stairs_3, minmay_misc_feat_secret_circle,
          uniq_ijyb
D:4:      layout_cave_pools, kennysheep_cross_room, minmay_gold_behind_fungi
D:5:      layout_cave_pods, mainiacjoe_overflow_concentric_impassable,
          nicolae_dithmenos_shadow_blocks, temple_hall,
          chequers_serial_rivers_micro_c, uniq_edmund

Skill      XL: |  1  2  3  4  5  6  7 |
---------------+----------------------+-----
Stealth        | 1 2 |  2.0
Fighting       | 3 4 |  4.0
Dodging        | 3 |  3.0
Invocations    | 2 3 |  3.0
Armour         | 2 3 |  3.0
Necromancy     | 4 5 |  5.0
Spellcasting   | 2 |  2.2
Short Blades   | |  2.6
Throwing       | |  1.7

Action                   |  1- 3 |  4- 6 |  7- 9 || total
-------------------------+-------+-------+-------++-------
Melee: Rapier            |    48 |       |       ||    48
       Battleaxe         |    29 |    18 |       ||    47
       Long sword        |       |   123 |    15 ||   138
       Kick              |       |    13 |     4 ||    17
       Punch             |       |     1 |       ||     1
Throw: Throwing net      |       |     2 |       ||     2
  Use: Scroll            |       |     8 |       ||     8
       Potion            |       |     1 |       ||     1
 Stab: Sleeping          |     2 |     6 |       ||     8
       Held in net/web   |       |     1 |       ||     1
       Distracted        |       |     1 |       ||     1
Armor: Leather armour    |    21 |    29 |     8 ||    58
Dodge: Dodged            |    58 |    82 |     5 ||   145
Block: Other             |    17 |    26 |     1 ||    44

Table legend: (Time is in decaauts)
 A = Elapsed time spent in this place.
 B = Non-inter-level travel time spent in this place.
 C = Inter-level travel time spent in this place.
 D = Time resting spent in this place.
 E = Time spent auto-exploring this place.
 F = Levels seen in this place.
 G = Mean time per level.
                   A        B        C        D        E       F      G
               +--------+--------+--------+--------+--------+-----+--------+
         Total |   3774 |   3698 |     76 |    500 |   2493 |   5 |  754.8 |
       Dungeon |   3774 |   3698 |     76 |    500 |   2493 |   5 |  754.8 |
               +--------+--------+--------+--------+--------+-----+--------+

Top non-repeatable levels by time:
     D:2: 1418 daAuts
     D:3: 743 daAuts
     D:1: 647 daAuts
     D:4: 488 daAuts
     D:5: 475 daAuts
